 Dungeon Crawl Stone Soup version 0.24-b1 (webtiles) character file.

Game seed: 2766512399073192640, levelgen mode: deterministic

821 Arixos the Charmwright (level 7, -2/36 HPs)
             Began as a Vine Stalker Skald on Oct 13, 2019.
             Was a Believer of Ru.
             Slain by an orc warrior
             ... wielding a +0 flail
              (16 damage)
             ... on level 5 of the Dungeon.
             The game lasted 00:18:21 (4972 turns).

Arixos the Charmwright (Vine Stalker Skald)         Turns: 4972, Time: 00:18:22

Health: -2/36      AC:  8    Str: 14    XL:     7   Next: 95%
Magic:  0/13       EV: 12    Int: 13    God:    Ru [**....]
Gold:   240        SH:  4    Dex: 15    Spells: 5/13 levels left

rFire    . . .     SeeInvis .   a - +0 falchion
rCold    . . .     Gourm    +   A - +0 buckler
rNeg     . . .     Faith    .   y - +2 leather armour {MR+}
rPois    .         Spirit   +   (no helmet)
rElec    .         Reflect  .   l - +1 cloak
rCorr    .         Harm     .   e - +0 pair of gloves
MR       ++...                  (no boots)
Stlth    ++........             m - amulet of the gourmand
HPRegen  1.52/turn              q - ring of protection from magic
MPRegen  0.13/turn              (no ring)

@: very slightly contaminated, regenerating (expiring)
A: fangs 2, regeneration 1, magic shield, antimagic bite, no potion heal 3, rot
immunity, inability to use devices
a: Renounce Religion


You were on level 5 of the Dungeon.
You worshipped Ru.
Ru was pleased with you.
You were very full.

You visited 2 branches of the dungeon, and saw 7 of its levels.

You collected 240 gold pieces.

Inventory:

Hand Weapons
 a - a +0 falchion (weapon)
Armour
 e - a +0 pair of gloves (worn)
 l - a +1 cloak (worn)
 y - a +2 leather armour of magic resistance (worn)
 A - a +0 buckler (worn)
Jewellery
 m - an amulet of the gourmand (around neck)
 q - a ring of protection from magic (left hand)
Scrolls
 b - a scroll of enchant armour {unknown}
 c - 2 scrolls of enchant weapon {unknown}
 f - 5 scrolls of identify {unknown}
 i - 3 scrolls of magic mapping {unknown}
 o - a scroll of fear {unknown}
 p - 2 scrolls of noise {unknown}
 r - a scroll of teleportation {unknown}
 s - a scroll of immolation {unknown}
 t - a scroll of amnesia {unknown}
 w - 3 scrolls of remove curse {unknown}
 B - a scroll of random uselessness {unknown}
Potions
 g - 2 potions of degeneration {unknown}
 h - 3 potions of curing {unknown}
 j - a potion of resistance {unknown}
 k - a potion of invisibility {unknown}
 n - 2 potions of brilliance {unknown}
 u - 2 potions of mutation {unknown}
 v - a potion of agility {unknown}
 x - a potion of heal wounds {unknown}
 z - a potion of ambrosia {unknown}
Comestibles
 d - 11 rations


   Skills:
 + Level 3.0 Fighting
 + Level 3.0 Long Blades
 + Level 2.3 Armour
 + Level 2.8 Dodging
 + Level 3.3 Stealth
 * Level 1.1 Shields
 + Level 3.5 Spellcasting
 + Level 4.0 Charms
 + Level 2.3 Necromancy
 + Level 2.3 Translocations


You had 5 spell levels left.
You knew the following spells:

 Your Spells              Type           Power        Failure   Level  Hunger
a - Song of Slaying       Chrm           ##......     11%         2    ##.....
b - Infusion              Chrm           ##..         8%          1    #......
r - Regeneration          Chrm/Necr      ##........   30%         3    ###....
s - Shroud of Golubria    Chrm/Tloc      ##....       16%         2    ##.....

Your spell library contained the following spells:

 Spells                   Type           Power        Failure   Level  Hunger
 Spectral Weapon          Hex/Chrm       #.......     45%         3    ###....


Dungeon Overview and Level Annotations

Branches:
Dungeon (6/15)             Temple (1/1) D:4

Altars:
Ashenzari
Cheibriados
Dithmenos
Elyvilon
Fedhas
Gozag
Hepliaklqana
Kikubaaqudgha
Makhleb
Nemelex Xobeh
Okawaru
Qazlal
Ru
Sif Muna
Trog
Uskayaw
Wu Jian
Xom
Yredelemnul
Zin


Innate Abilities, Weirdness & Mutations

You have extremely sharp teeth.
Your natural rate of healing is unusually fast.
When hurt, damage is shared between your health and your magic reserves.
Your bite disrupts and absorbs the magic of your enemies.
Potions cannot restore your health.
You are immune to rotting.
You cannot study or use magical devices.


Message History

The orc warrior hits you with a +0 flail!
You hit the orc warrior.
You bite the orc warrior, but do no damage.
The orc warrior is lightly wounded.
The orc warrior hits you with a +0 flail!
* * * LOW HITPOINT WARNING * * *
Your shroud falls apart!
Casting: Shroud of Golubria (safe; 16% risk of failure)
Confirm with . or Enter, or press ? or * to list all spells.
You don't have enough magic to cast that spell.
You closely miss the orc warrior.
You bite the orc warrior, but do no damage.
The orc warrior is lightly wounded.
Your skin is crawling a little less now.
You redirect the orc warrior's attack!
The orc warrior barely misses itself.
You closely miss the orc warrior.
The orc warrior is lightly wounded.
The orc warrior hits you with a +0 flail!
You die...

#.# #.# ##.##
##.#.####
####.###รท..##
.....>#.#...######
######...........#
##.#...####)#
#.##.## #@#
##.##.# #o#
#.....# #.#
######..#### #.#
#.......# #.#
#.####..# #.# #.#
#..# #.# #.#
#..########.# #.#
#..>........#


You could see an orc warrior.

Vanquished Creatures
  An ice beast (D:5)
  Blork the orc (D:5)
  2 scorpions
  A jelly (D:5)
  2 crimson imps
  A hound (D:5)
  A bullfrog skeleton (D:5)
  An orc priest (D:5)
  Jessica (D:2)
  2 iguanas
  4 orc wizards (D:5)
  A worker ant (D:5)
  A howler monkey zombie (D:5)
  A worker ant zombie (D:5)
  3 adders
  2 shadow imps (D:5)
  2 oozes
  2 adder skeletons
  A dart slug (D:1)
  4 leopard geckos
  14 orcs (D:5)
  6 bats
  3 giant cockroaches
  6 goblins
  3 hobgoblins
  10 jackals
  9 kobolds
  A quokka (D:3)
  3 frilled lizards
  A jackal skeleton (D:4)
  2 jackal zombies (D:5)
  3 rats
95 creatures vanquished.

Vanquished Creatures (others)
  An orc priest (D:6)
1 creature vanquished.

Grand Total: 96 creatures vanquished

Notes
Turn   | Place    | Note
-------+----------+-------------------------------------------
     0 | D:1      | Arixos the Vine Stalker Skald began the quest for the Orb.
     0 | D:1      | Reached XP level 1. HP: 11/11 MP: 4/4
   104 | D:1      | Reached skill level 1 in Armour
   170 | D:1      | Reached XP level 2. HP: 12/15 MP: 6/6
   174 | D:1      | Learned a level 2 spell: Shroud of Golubria
   254 | D:1      | Reached skill level 1 in Stealth
   516 | D:1      | Reached XP level 3. HP: 18/18 MP: 7/7
   521 | D:1      | Learned a level 3 spell: Regeneration
  1045 | D:2      | Noticed Jessica
  1052 | D:2      | Killed Jessica
  1052 | D:2      | Gained mutation: Your natural rate of healing is unusually
                  | fast. [Vine Stalker growth]
  1052 | D:2      | Reached XP level 4. HP: 19/23 MP: 3/8
  1064 | D:2      | Learned a level 2 spell: Song of Slaying
  1138 | D:2      | Noticed a blizzard demon
  1139 | D:2      | Found a burning altar of Makhleb.
  1144 | D:2      | Found a glowing silver altar of Zin.
  1144 | D:2      | Noticed an angel
  1349 | D:2      | Found an iron altar of Okawaru.
  2002 | D:3      | Reached skill level 1 in Necromancy
  2002 | D:3      | Reached skill level 1 in Translocations
  2002 | D:3      | Reached XP level 5. HP: 25/26 MP: 7/10
  3019 | D:4      | Found a staircase to the Ecumenical Temple.
  3028 | D:4      | Reached XP level 6. HP: 32/32 MP: 9/11
  3051 | Temple   | Entered the Ecumenical Temple
  3149 | Temple   | Became a worshipper of Ru the Awakened
  3811 | D:5      | Entered Level 5 of the Dungeon
  4139 | D:5      | Found a sparkling altar of Nemelex Xobeh.
  4255 | D:5      | Gained mutation: You cannot study or use magical devices.
                  | [Ru sacrifice]
  4255 | D:5      | Reached * piety under Ru
  4255 | D:5      | Reached ** piety under Ru
  4289 | D:5      | Reached XP level 7. HP: 34/35 MP: 10/12
  4601 | D:5      | Reached skill level 4 in Charms
  4764 | D:5      | Noticed Blork the orc
  4777 | D:5      | Killed Blork the orc
  4777 | D:5      | Reached skill level 1 in Shields
  4972 | D:5      | Slain by an orc warrior

Skill      XL: |  1  2  3  4  5  6  7 |
---------------+----------------------+-----
Armour         | 1 2 |  2.3
Stealth        | 1 2 3 |  3.3
Fighting       | 2 3 |  3.0
Long Blades    | 2 3 |  3.0
Dodging        | 2 |  2.8
Necromancy     | 1 2 |  2.3
Translocations | 1 2 |  2.3
Spellcasting   | 3 |  3.5
Charms         | 4 |  4.0
Shields        | 1 |  1.1

Action                   |  1- 3 |  4- 6 |  7- 9 || total
-------------------------+-------+-------+-------++-------
Melee: Falchion          |    63 |   201 |   110 ||   374
       Bite              |    21 |    58 |    47 ||   126
 Cast: Shroud of Golubri |     5 |    12 |    14 ||    31
       Song of Slaying   |       |     3 |     2 ||     5
       Regeneration      |       |       |     6 ||     6
Invok: Sacrifice Artific |       |     1 |       ||     1
 Stab: Sleeping          |     2 |     1 |       ||     3
  Eat: Chunk             |     1 |    18 |     4 ||    23
       Ration            |       |     1 |       ||     1
Armor: Leather armour    |    17 |    96 |    44 ||   157
Dodge: Dodged            |    62 |   116 |    43 ||   221
Block: Buckler           |       |     8 |    10 ||    18
       Rpst.: Falchion   |    21 |    34 |    12 ||    67
